[Event "Rapid della Domenica"]
[Site "Chess.com"]
[Date "2020.04.26"]
[Round "1"]
[White "GB86_CHESS"]
[Black "sergiodone"]
[Result "1-0"]
[WhiteElo "1616"]
[BlackElo "1516"]
[TimeControl "720+3"]
[EndTime "6:09:51 PDT"]
[Termination "GB86_CHESS ha vinto per abbandono"]

1. e4 c5 2. Nc3 d6 3. f4 e6 4. Nf3 a6 5. a4 Nc6 6. Bc4 Be7 7. O-O Bd7 8. d3 Nf6 9. f5 Nd4 10. Nxd4 cxd4 11. fxe6 dxc3 12. exd7+ Qxd7 13. bxc3 Qc7 14. Ba3 h5 15. Qf3 Qb6+ 16. Kh1 O-O 17. e5 Ng4 18. Rab1 Qc6 19. e6 f5 20. Rxb7 Qxf3 21. gxf3 Ne3 22. Rg1 Nxc4 23. Rxe7 Nxa3 24. Rgxg7+ 1-0

[Event "Rapid della Domenica"]
[Site "Chess.com"]
[Date "2020.04.26"]
[Round "1"]
[White "toninoiuorio"]
[Black "crippo"]
[Result "0-1"]
[WhiteElo "1196"]
[BlackElo "1559"]
[TimeControl "720+3"]
[EndTime "6:11:15 PDT"]
[Termination "crippo ha vinto per scaccomatto"]

1. d4 d5 2. c4 c6 3. Nc3 Nf6 4. e3 e6 5. Bd3 Bb4 6. Nf3 O-O 7. O-O Bxc3 8. bxc3 Ne4 9. Qc2 f5 10. cxd5 cxd5 11.
c4 Nc6 12. a3 Ng5 13. Nxg5 Qxg5 14. e4 Qg6 15. exf5 exf5 16. cxd5 Nxd4 17. Qc4 Nf3+ 18.
Kh1 Nh4 19. g3 Nf3 20. Bf4 Qh5 21. Kg2 Bd7 22. h4 Rac8 23. Qb4 g5 24. hxg5 Nxg5 25. Bxg5 Qxg5 26. Qxb7 Rcd8 27. f4 Qg4 28. Rae1 Qg7 29. Qxa7 Qc3 30. Re3 Rf7 31. Qb6 Rdf8 32. Qb4 Qc8 33.
Rfe1 Qa8 34. Qd4 Qxa3 35. Bxf5 Qa2+ 36. R1e2 Qa8 37. Be6 Bxe6 38. Rxe6 Rg7 39. Qe4 Qa3 40. d6 Qxg3+ 41. Kf1 Rxf4+ 42. Qxf4 Qxf4+ 43. Ke1 Rg1# 0-1

[Event "Rapid della Domenica"]
[Site "Chess.com"]
[Date "2020.04.26"]
[Round "1"]
[White "giulioscaglione"]
[Black "pedrak"]
[Result "0-1"]
[WhiteElo "1288"]
[BlackElo "1687"]
[TimeControl "720+3"]
[EndTime "6:15:20 PDT"]
[Termination "pedrak ha vinto per scaccomatto"]

1. b3 d5 2. Bb2 Bf5 3. e3 e6 4. Be2 Nf6 5. Bf3 Be7 6. Ne2 O-O 7.
Ng3 Bg6 8. d3 Nbd7 9. Nd2 c6 10.
O-O Qc7 11. Re1 Rad8 12. e4 dxe4 13. Ngxe4 Nxe4 14. Bxe4 Bf6 15. Bxf6 Nxf6 16. Bxg6 hxg6 17. Qe2 Rd5 18. Ne4 Rfd8 19. Nxf6+ gxf6 20. g3 Kg7 21. Rad1 Rh8 22. c4 Rdh5 23. h4 c5 24. f4 g5 25.
fxg5 Qxg3+ 26. Qg2 Qxh4 27. gxf6+ Kf8 28. Qg7+ Ke8 29. Rxe6+ Kd8 30. Rd6+ Kc8 31. Kf1 Qf4+ 32. Ke2 Rh2+ 33. Ke1 Qe3+ 34. Kf1 Qf2# 0-1

[Event "Rapid della Domenica"]
[Site "Chess.com"]
[Date "2020.04.26"]
[Round "1"]
[White "caramante"]
[Black "SanSecondoPR"]
[Result "1-0"]
[WhiteElo "1599"]
[BlackElo "1266"]
[TimeControl "720+3"]
[EndTime "6:18:15 PDT"]
[Termination "caramante ha vinto per abbandono"]

1. Nf3 d5 2. d4 Nc6 3. g3 Bg4 4. Bg2 Nf6 5. c3 Bxf3 6. Bxf3 e5 7. dxe5 Nxe5 8. Bg2 Be7 9. O-O O-O 10. Re1 c6 11. Nd2 Qb6 12. Nf3 Nc4 13. b3 Nd6 14. Be3 c5 15. Rc1 Nde4 16. Ng5 Rad8 17. Nxe4 Nxe4 18. Qc2 Qf6 19. Bxe4 dxe4 20. Qxe4 Bd6 21. Qxb7 h5 22. Qg2 Be7 23. c4 Qa6 24. Rc2 Qg6 25.
Rd2 Rc8 26. Red1 Bf6 27. Rd5 Qc2 28. R5d2 Qg6 29. h4 Bc3 30. Rd3 Bd4 31. Bxd4 cxd4 32.
Rxd4 Qc2 33. R1d2 Qb1+ 34. Kh2 Qf5 35. e4 Qg4 36. f3 Qe6 37. Rd5 Kh8 38. Rxh5+ Kg8 39.
Rhd5 Qh6 40. f4 Rc6 41. e5 Rg6 42. Rd6 f6 43. Qe4 Qh5 44. exf6 Qg4 45. Qe6+ Qxe6 46.
Rxe6 Kf7 47. f5 Rg4 48. Rd7+ Kg8 49. Kh3 1-0

[Event "Rapid della Domenica"]
[Site "Chess.com"]
[Date "2020.04.26"]
[Round "1"]
[White "donaldnecesito"]
[Black "sirmale49"]
[Result "0-1"]
[WhiteElo "1682"]
[BlackElo "1406"]
[TimeControl "720+3"]
[EndTime "6:21:29 PDT"]
[Termination "sirmale49 ha vinto per abbandono"]

1. e4 e5 2. Nf3 Nc6 3. Bb5 d6 4. c3 Bg4 5. h3 Bd7 6. O-O a6 7. Ba4 Nf6 8. d3 Be7 9. Re1 O-O 10. d4 b5 11. Bc2 Ne8 12. d5 Na5 13. a4 Nc4 14. b3 Nb6 15. a5 Nc8 16. b4 c5 17.
dxc6 Bxc6 18. Bb3 Nf6 19. Nbd2 Na7 20. c4 bxc4 21. Bxc4 Nb5 22. Bb2 Nc7 23. Rc1 Rc8 24.
Ng5 Bd7 25. Qb3 Qe8 26. Bxf7+ Rxf7 27. Nxf7 Qxf7 28. Qe3 h6 29. Qa7 Bd8 30. Nc4 Nb5 31. Qxa6 Rxc4 32. Rxc4 Qxc4 33. Qa8 Qc8 34. Qxc8 Bxc8 35.
Rc1 Bc7 36. f3 Nh5 37. Kf2 Nf4 38. Rc4 Nd3+ 0-1

[Event "Rapid della Domenica"]
[Site "Chess.com"]
[Date "2020.04.26"]
[Round "1"]
[White "MarcoCiva"]
[Black "fausto2p"]
[Result "1-0"]
[WhiteElo "1512"]
[BlackElo "1040"]
[TimeControl "720+3"]
[EndTime "6:21:32 PDT"]
[Termination "MarcoCiva ha vinto per tempo"]

1. d4 d5 2. c4 c6 3. Nc3 Nf6 4.
Bf4 Qb6 5. b3 e6 6. e3 Bb4 7.
Rc1 Qa5 8. Ne2 O-O 9. Qc2 Nbd7 10. cxd5 Nxd5 11. g3 N7f6 12. Bg2 Nxc3 13. Nxc3 Nd5 14. Bxd5 Qxd5 15. O-O Bxc3 16. Qxc3 e5 17. Bxe5 Bh3 18.
e4 Qxe4 19. f3 Qd5 20. Rfe1 f6 21. Bc7 g5 22. g4 f5 23. Re5 Qf7 24. Bd6 Qf6 25.
Rxf5 Qxd6 26. Rxg5+ Kh8 27. Rh5 Qf4 28. Rxh3 1-0

[Event "Rapid della Domenica"]
[Site "Chess.com"]
[Date "2020.04.26"]
[Round "1"]
[White "markk000"]
[Black "Luca090267"]
[Result "0-1"]
[WhiteElo "1523"]
[BlackElo "1396"]
[TimeControl "720+3"]
[EndTime "6:24:10 PDT"]
[Termination "Luca090267 ha vinto per scaccomatto"]

1. d4 Nf6 2. c4 g6 3. Nc3 Bg7 4. e4 d6 5. Nf3 O-O 6. Be2 e5 7. d5 Nbd7 8. O-O a5 9. Be3 Nc5 10.
Bxc5 dxc5 11. h3 Re8 12. Qc2 b6 13. Rad1 Bb7 14. Nb5 Qd7 15. d6 Bxe4 16. Qc3 c6 17. Nc7 Bxf3 18. Bxf3 e4 19. Nxa8 Rxa8 20. Be2 Nd5 21. Qg3 Nb4 22. a3 Nc2 23. Bg4 f5 24.
Be2 Nd4 25. Rfe1 Rd8 26. f3 Qxd6 27. Qxd6 Rxd6 28. Kf2 exf3 29. Bxf3 Kf7 30. g4 fxg4 31.
Bxg4 Rf6+ 32. Kg2 h5 33. Bd7 Rd6 34. Be8+ Kf6 35. Rf1+ Kg5 36. Rf7 Be5 37. Rd7 Rxd7 38. Bxd7 Kh6 39. Re1 Bf4 40. Re8 Bc1 41. h4 Bxb2 42.
Rh8+ Kg7 43. Rb8 Bxa3 44. Rxb6 Bb4 45. Bxc6 Nxc6 46. Rxc6 Kh6 47. Kf3 Kg7 48. Kf4 Kf7 49. Kg5 Bd2# 0-1

[Event "Rapid della Domenica"]
[Site "Chess.com"]
[Date "2020.04.26"]
[Round "1"]
[White "bellapero"]
[Black "Carbon"]
[Result "0-1"]
[WhiteElo "1466"]
[BlackElo "1790"]
[TimeControl "720+3"]
[EndTime "6:24:54 PDT"]
[Termination "Carbon ha vinto per tempo"]

1. e4 e6 2. d4 d5 3. exd5 exd5 4.
Nf3 Bd6 5. Nc3 c6 6. Bd3 Nf6 7. O-O O-O 8. h3 Nbd7 9. Re1 Qc7 10. Be3 Nb6 11. Bg5 Nbd7 12. Qd2 b5 13. b3 Bb7 14. Nh4 Nh5 15. Be7 Rfe8 16. Bxd6 Qxd6 17. Nf5 Qf4 18.
Rxe8+ Rxe8 19. Qxf4 Nxf4 20. Nd6 Rb8 21. Nxb7 Nxd3 22. cxd3 Rxb7 23. Re1 Kf8 24. Ne2 Nb8 25. Ng3 g6 26. f4 Re7 27. Rxe7 Kxe7 28. f5 Kf6 29.
fxg6 hxg6 30. b4 Kg5 31. Kf2 Nd7 32. a3 Nb6 33. Ne2 Nc8 34. Nc3 Nd6 35. Ne2 Nf5 36. Kg1 Ng7 37. Kf2 Ne6 38. g3 f5 0-1

[Event "Rapid della Domenica"]
[Site "Chess.com"]
[Date "2020.04.26"]
[Round "2"]
[White "pedrak"]
[Black "MarcoCiva"]
[Result "1-0"]
[WhiteElo "1708"]
[BlackElo "1490"]
[TimeControl "720+3"]
[EndTime "6:32:08 PDT"]
[Termination "pedrak ha vinto per abbandono"]

1. d4 Nf6 2. Nf3 e6 3. Bf4 d5 4.
e3 Bd6 5. Bg3 O-O 6. Nbd2 Bxg3 7. hxg3 b6 8. Bd3 Ba6 9. Qe2 Bxd3 10. Qxd3 Nc6 11. c3 Qe7 12. Ne5 g6 13. Nxc6 Qd7 14.
Ne5 Qa4 15. g4 c5 16. g5 c4 17. Qe2 Nd7 18. f4 Nxe5 19. fxe5 Rae8 20. g4 b5 21. Qh2 h5 22. gxh5 Kg7 23. Qf2 f6 24.
gxf6+ Kf7 25. hxg6+ Kg8 26. Qh4 1-0

[Event "Rapid della Domenica"]
[Site "Chess.com"]
[Date "2020.04.26"]
[Round "2"]
[White "sergiodone"]
[Black "SanSecondoPR"]
[Result "1-0"]
[WhiteElo "1519"]
[BlackElo "1255"]
[TimeControl "720+3"]
[EndTime "6:39:05 PDT"]
[Termination "sergiodone ha vinto per scaccomatto"]

1. e4 d5 2. exd5 Nf6 3. d4 Qxd5 4. c4 Qe4+ 5. Ne2 e5 6. dxe5 Qxe5 7. Nc3 Bb4 8. Be3 O-O 9. Qb3 Nc6 10. a3 Ba5 11. O-O-O Bb6 12. Nd5 Bxe3+ 13. fxe3 Nd7 14. Nef4 Nc5 15.
Qc3 Qg5 16. h4 Qh6 17. Qc2 Be6 18. h5 Bg4 19. Be2 Bxe2 20. Qxe2 Nb3+ 21. Kb1 Qg5 22. Qd3 Nca5 23. h6 Nc5 24. Qc2 Qe5 25. hxg7 Qxg7 26. Nf6+ Qxf6 27. Qxh7# 1-0

[Event "Rapid della Domenica"]
[Site "Chess.com"]
[Date "2020.04.26"]
[Round "2"]
[White "Carbon"]
[Black "crippo"]
[Result "1-0"]
[WhiteElo "1798"]
[BlackElo "1542"]
[TimeControl "720+3"]
[EndTime "6:41:28 PDT"]
[Termination "Carbon ha vinto per abbandono"]

1. e4 e5 2. Nf3 Nc6 3. Bc4 Be7 4.
Nc3 Nf6 5. d4 exd4 6. Nxd4 Nxd4 7. Qxd4 d6 8. O-O O-O 9. Bg5 Ng4 10. Bxe7 Qxe7 11. f4 Be6 12. Be2 c5 13. Qd2 f5 14. Bxg4 fxg4 15. f5 Bc4 16. Rfe1 Qe5 17. Rad1 Rf6 18. b3 Bf7 19. Nd5 Rh6 20. Qf4 Bxd5 21.
Qxe5 dxe5 22. Rxd5 Re8 23. Rxc5 Rd6 24. Kf2 h5 25. Rc7 h4 26. Rxb7 Rc8 27. c4 Rd2+ 28.
Re2 Rcd8 29. g3 Rxe2+ 30. Kxe2 hxg3 31. hxg3 Rd4 32. Ke3 Rd1 33. c5 Re1+ 34. Kf2 Rc1 35. b4 Rc2+ 36. Ke3 Rxa2 37. c6 Rc2 38. b5 Kf8 39.
Kd3 Rc5 40. c7 Ke8 41. Rxa7 Kd7 42. b6 Rb5 43. Ra8 Rc5 44. Rd8+ 1-0

[Event "Rapid della Domenica"]
[Site "Chess.com"]
[Date "2020.04.26"]
[Round "2"]
[White "Lavolpeneldeserto"]
[Black "caramante"]
[Result "0-1"]
[WhiteElo "725"]
[BlackElo "1600"]
[TimeControl "720+3"]
[EndTime "6:42:05 PDT"]
[Termination "caramante ha vinto per scaccomatto"]

1. d4 Nf6 2. Bf4 g6 3. Nc3 d6 4. e3 Bg7 5. Nf3 O-O 6. Bd3 c6 7. a3 Nbd7 8. O-O Re8 9. e4 Nh5 10. Be3 e5 11. dxe5 Nxe5 12. Nxe5 dxe5 13. g3 Qc7 14. Qd2 Nf6 15. Bh6 Be6 16. Bxg7 Kxg7 17. f4 exf4 18. Rxf4 Rad8 19. Raf1 Nh5 20. Rh4 Qe7 21.
Be2 Rxd2 22. Bxh5 gxh5 23. Rhf4 Rxc2 24. R1f2 Rxf2 25. Kxf2 Qc5+ 26. Ke1 Qg1+ 27. Rf1 Qxh2 28. Ne2 Bc4 29. Rf2 Qh1+ 30. Rf1 Qxe4 31. Rf2 Rd8 32. Kf1 Qh1# 0-1

[Event "Rapid della Domenica"]
[Site "Chess.com"]
[Date "2020.04.26"]
[Round "2"]
[White "toninoiuorio"]
[Black "bellapero"]
[Result "1-0"]
[WhiteElo "1375"]
[BlackElo "1367"]
[TimeControl "720+3"]
[EndTime "6:44:52 PDT"]
[Termination "toninoiuorio ha vinto per scaccomatto"]

1. d4 d5 2. c4 e6 3. Nc3 Nc6 4. e3 Nf6 5. Nf3 g6 6. Bd3 Bg7 7. O-O O-O 8. Qe2 Nb4 9. Bb1 Ne4 10. Nxe4 dxe4 11. Bxe4 a5 12. a3 Nc6 13. Rd1 b6 14.
b3 Ba6 15. Bb2 Qd7 16. Rac1 f5 17. Bd3 Qd6 18. d5 Bxb2 19. Qxb2 exd5 20. cxd5 Bxd3 21.
Rxd3 Ne7 22. Rcd1 Rfd8 23. b4 axb4 24. axb4 Ra4 25. Rd4 c5 26. dxc6 Nd5 27. Qb3 Rxb4 28. Rxb4 Qxb4 29. Qxb4 Nxb4 30. Rxd8+ Kf7 31. c7 Nc6 32. c8=Q Nxd8 33. Qxd8 Ke6 34. Qxb6+ Kd5 35. Qb7+ Kd6 36. Qxh7 Ke6 37. Qxg6+ Ke7 38. Qxf5 Kd6 39. Kf1 Kc6 40. Ke2 Kd6 41. Qe5+ Kc6 42. Kd3 Kd7 43. g4 Kc6 44. Kd4 Kd7 45. e4 Kd8 46. Qe6 Kc7 47. Kd5 Kd8 48. Qf7 Kc8 49. Kd6 Kd8 50. Qd7# 1-0

[Event "Rapid della Domenica"]
[Site "Chess.com"]
[Date "2020.04.26"]
[Round "2"]
[White "sirmale49"]
[Black "GB86_CHESS"]
[Result "0-1"]
[WhiteElo "1401"]
[BlackElo "1691"]
[TimeControl "720+3"]
[EndTime "6:49:41 PDT"]
[Termination "GB86_CHESS ha vinto per abbandono"]

1. e4 c5 2. f4 d5 3. e5 Bf5 4. g4 Be4 5. Nf3 e6 6. d3 Bxf3 7. Qxf3 Nc6 8. c3 Qh4+ 9. Qg3 Be7 10. Be3 Nh6 11. Be2 d4 12. Bf2 Qxg3 13. Bxg3 f5 14. g5 Nf7 15. h4 O-O-O 16. Bf3 Kc7 17. c4 Nb4 18. Kd2 Rb8 19. a3 Nc6 20. Bd1 b5 21. Bf3 bxc4 22. Bxc6 Kxc6 23. dxc4 Rxb2+ 24. Kc1 Rb3 25. Rg1 Rhb8 26. h5 Nd8 27. Nd2 Rc3+ 28. Kd1 Rb2 29. Ke2 Nb7 30. Rab1 Rcc2 31. Rxb2 Rxb2 32. Kd3 Na5 33. Rb1 Ra2 34. Rb5 Rxa3+ 35. Ke2 Bd8 36. Be1 Re3+ 37. Kd1 Rh3 38. h6 gxh6 39. gxh6 Nxc4 40.
Rb8 Nxd2 41. Rxd8 Nf3 42. Rd6+ Kb5 43. Rxe6 Rh1 44. Ke2 Nxe1 45. Rf6 c4 46. Rxf5 c3 47. e6+ Kc4 48. e7 d3+ 49. Ke3 Nc2+ 50. Kf2 Re1 51. Re5 Rxe5 52. fxe5 d2 53. e8=Q d1=Q 54. Qc6+ Kb3 55. Qe6+ Kb2 56. Qd6 Qd2+ 57. Qxd2 cxd2 58.
Ke2 Kc1 59. Kf3 d1=Q+ 60. Kf4 Qd2+ 61. Kf5 Qxh6 62. e6 Qf8+ 63. Ke5 Kd2 0-1

[Event "Rapid della Domenica"]
[Site "Chess.com"]
[Date "2020.04.26"]
[Round "2"]
[White "giulioscaglione"]
[Black "markk000"]
[Result "0-1"]
[WhiteElo "1271"]
[BlackElo "1529"]
[TimeControl "720+3"]
[EndTime "6:49:51 PDT"]
[Termination "markk000 ha vinto per abbandono"]

1. b3 Nf6 2. Bb2 e6 3. e3 b6 4. Be2 Bb7 5. Bf3 d5 6. Ne2 Be7 7. O-O O-O 8. d3 c5 9. Nd2 Qc7 10. Ng3 Bd6 11. Bxf6 gxf6 12. c3 Nd7 13. e4 Bxg3 14.
fxg3 Ne5 15. Qe2 Rfe8 16. d4 cxd4 17. cxd4 Nc6 18. Rac1 Qd6 19. Qd3 dxe4 20. Bxe4 f5 21. Bxc6 Bxc6 22. Nc4 Qd5 23. Ne3 Qd7 24. Nc4 Bb5 25.
a4 Ba6 26. Rfe1 Red8 27. Rcd1 Qd5 28. Qe3 Bb7 29. Qg5+ Kf8 30. Qh6+ Ke8 31. Rd2 Qc6 32.
Qf6 Rac8 33. Ne5 Qc7 34. Rc2 Qe7 35. Qh8+ Qf8 36. Qxf8+ Kxf8 37. Rxc8 Rxc8 38. Nc4 Rd8 39. Rd1 Ke7 40. Ne5 f6 41. Nf3 e5 42. Kf2 Bxf3 43.
gxf3 Rxd4 44. Rxd4 exd4 45. f4 Kd6 46. Ke2 Kd5 47.
Kd3 a5 48. h3 h5 49. h4 Kc5 50. Kc2 Kb4 51. Kd3 Kc5 52. Kc2 b5 53. Kd3 bxa4 54.
bxa4 Kd5 55. Kc2 Kc4 56. Kd2 d3 57. Kd1 Kc3 58. Kc1 Kd4 59. Kd2 Ke4 60. Ke1 Ke3 61. Kd1 d2 62. Kc2 Ke2 0-1

[Event "Rapid della Domenica"]
[Site "Chess.com"]
[Date "2020.04.26"]
[Round "2"]
[White "Luca090267"]
[Black "donaldnecesito"]
[Result "0-1"]
[WhiteElo "1367"]
[BlackElo "1696"]
[TimeControl "720+3"]
[EndTime "6:51:09 PDT"]
[Termination "donaldnecesito ha vinto per abbandono"]

1. e4 c5 2. Nc3 d6 3. g3 Nf6 4. Bg2 g6 5. d3 Bg7 6. f4 O-O 7.
Nf3 Nc6 8. O-O Bg4 9. h3 Bxf3 10. Qxf3 Nd4 11. Qf2 a6 12. Be3 Nd7 13. Nd1 Qb6 14. c3 Nc6 15. Rb1 Qa5 16. a3 b5 17.
e5 Rac8 18. d4 b4 19. axb4 cxb4 20. Qd2 dxe5 21. dxe5 Rfd8 22. cxb4 Nxb4 23. Nc3 Nxe5 24. Nd5 Nec6 25. Bb6 Rxd5 26. Bxd5 Qxb6+ 27. Kh2 Rd8 28. Bxf7+ Kxf7 29. Qe1 Rd3 30. f5 gxf5 31. Rxf5+ Bf6 32. Qf1 Qe3 33. Kg2 Qe4+ 34. Kh2 Rd2+ 35. Kg1 Ke8 36. Rxf6 Qd4+ 37. Rf2 Rxf2 38. Qxf2 Nc2 39. Rf1 Ne5 40. Qxd4 Nxd4 41. Rf4 Ne2+ 42. Kf2 Nxf4 43. gxf4 Nd3+ 44.
Ke3 Nxb2 0-1

[Event "Rapid della Domenica"]
[Site "Chess.com"]
[Date "2020.04.26"]
[Round "3"]
[White "caramante"]
[Black "pedrak"]
[Result "0-1"]
[WhiteElo "1577"]
[BlackElo "1732"]
[TimeControl "720+3"]
[EndTime "7:03:38 PDT"]
[Termination "pedrak ha vinto per abbandono"]

1. Nf3 d5 2. d4 Nf6 3. g3 Bf5 4. c3 h6 5. Bg2 e6 6. O-O c6 7. h3 Be7 8. Nbd2 Ne4 9. Qb3 Qb6 10.
Qxb6 axb6 11. a3 Nd7 12. Nb3 O-O 13. Bf4 b5 14. g4 Bh7 15. Ne5 Nb6 16. f3 Nd6 17.
Nc5 Ra7 18. Rae1 Ndc4 19. Bc1 Rd8 20. Nxc4 bxc4 21. e4 Bxc5 22. dxc5 Na4 23. exd5 cxd5 24. f4 Nxc5 25. Be3 b6 26. Bxc5 bxc5 27. f5 Ra6 28. fxe6 fxe6 29. Rf2 Bd3 30. Bf1 Rf8 31. Bxd3 Rxf2 32.
Kxf2 cxd3 33. Ke3 c4 34. Rb1 Kf7 35. Kd4 Ra5 36. h4 Ke7 37. Ke5 Ra8 38. g5 hxg5 39.
hxg5 Rf8 40. a4 Rf5+ 41. Kd4 Kd6 42. a5 e5+ 43. Ke3 Rf7 44. Ra1 Ra7 45. b4 cxb3 46. Kxd3 Kc5 47. Ra3 b2 48. Rb3 Rxa5 49. Rxb2 Ra1 50.
Rb7 e4+ 51. Kd2 Ra2+ 52. Ke3 Rc2 53. Rxg7 Rxc3+ 54. Kd2 Kd4 55. g6 Rg3 56. Ke2 Rg2+ 57. Kf1 Rg4 58. Ke2 e3 59. Rg8 Rg2+ 60. Kf3 Rf2+ 61.
Kg3 Rf1 62. Kg2 e2 63. Re8 e1=Q 64. Rxe1 Rxe1 65. g7 Re8 0-1

[Event "Rapid della Domenica"]
[Site "Chess.com"]
[Date "2020.04.26"]
[Round "3"]
[White "Luca090267"]
[Black "sergiodone"]
[Result "0-1"]
[WhiteElo "1325"]
[BlackElo "1524"]
[TimeControl "720+3"]
[EndTime "7:07:40 PDT"]
[Termination "sergiodone ha vinto per abbandono"]

1. e4 c5 2. Nc3 d6 3. g3 Nc6 4. Bg2 Bd7 5. d3 e6 6. f4 Be7 7. Nf3 a6 8. O-O h5 9. h3 h4 10. g4 b5 11. a3 Qc7 12. Be3 Nf6 13. Qd2 Rc8 14. Ne2 e5 15. f5 Nd4 16. Bf2 Nxf3+ 17. Bxf3 Bc6 18. Bg2 Qb7 19. c3 c4 20. g5 Ng4 21.
hxg4 h3 22. Bh1 h2+ 23. Kg2 cxd3 24. Ng3 f6 25. g6 d5 26. Be3 dxe4 27. Kf2 Bd5 28. Ke1 Rh4 29. Qd1 Bc5 30. Bxc5 Rxc5 31. a4 Rh3 32. Kf2 Qa7 33. Qd2 Rxc3+ 34. Ke1 Rc2 35. Qf2 Rxf2 0-1

[Event "Rapid della Domenica"]
[Site "Chess.com"]
[Date "2020.04.26"]
[Round "3"]
[White "fausto2p"]
[Black "markk000"]
[Result "0-1"]
[WhiteElo "1034"]
[BlackElo "1531"]
[TimeControl "720+3"]
[EndTime "7:08:52 PDT"]
[Termination "markk000 ha vinto per abbandono"]

1. d4 Nf6 2. c4 g6 3. Nc3 Bg7 4. e4 d6 5. f3 Nbd7 6. Be3 O-O 7. g4 c5 8. d5 Nb6 9. Qd2 Nfd7 10. b3 Ne5 11. Bg2 e6 12. Nge2 Qh4+ 13. Bf2 Qf6 14. O-O-O Nxf3 15. Bxf3 Qxf3 16. Rhg1 Qxf2 17.
Rdf1 Qxh2 18. Rh1 Qe5 19. Kc2 exd5 20. exd5 Bxg4 21. Re1 Bxe2 22. Rxe2 Qxc3+ 23. Qxc3 Bxc3 24. Kxc3 Rfe8 25. Rhe1 Rxe2 26. Rxe2 Kf8 27. Kd2 Re8 28. Rf2 Kg7 29. Kc3 h5 30. b4 Nd7 31. a3 h4 32. Rf4 h3 33. Rh4 Rh8 0-1

[Event "Rapid della Domenica"]
[Site "Chess.com"]
[Date "2020.04.26"]
[Round "3"]
[White "donaldnecesito"]
[Black "toninoiuorio"]
[Result "0-1"]
[WhiteElo "1642"]
[BlackElo "1550"]
[TimeControl "720+3"]
[EndTime "7:09:19 PDT"]
[Termination "toninoiuorio ha vinto per abbandono"]

1. e4 c5 2. Nf3 e6 3. d4 cxd4 4. Nxd4 a6 5. Nc3 Qc7 6. a3 Nf6 7. Be3 Nc6 8. f3 b5 9. Be2 Bb7 10. Qd2 Bd6 11. Bg5 Nxd4 12. Qxd4 Be5 13. Qd2 O-O 14. f4 Bxc3 15. bxc3 Nxe4 16. Qd3 Nxg5 17. fxg5 Bxg2 18. Rg1 Bd5 19. h4 Rac8 20. Rg3 Bc4 21. Qe3 Bxe2 22. Kxe2 Qc4+ 23. Kf2 Qc5 24. Rd1 d5 25.
Rd4 Qxa3 26. h5 Rc4 27. h6 Rfc8 28. Qe5 Qf8 29. g6 hxg6 30. Rdd3 gxh6 31. Qe3 Qg7 32. Rh3 Kh7 33. Qf3 d4 34. Rh4 Rxc3 35. Rhxd4 Rxd3 36.
Qxd3 Qe5 37. Kg1 Qc5 38. Kh1 Qxc2 39. Qf3 Qc1+ 40. Kg2 Qg5+ 41. Rg4 Qd5 0-1

[Event "Rapid della Domenica"]
[Site "Chess.com"]
[Date "2020.04.26"]
[Round "3"]
[White "crippo"]
[Black "sirmale49"]
[Result "1/2-1/2"]
[WhiteElo "1528"]
[BlackElo "1405"]
[TimeControl "720+3"]
[EndTime "7:09:21 PDT"]
[Termination "Partita patta per ripetizione di mosse"]

1. e4 d5 2. Nf3 dxe4 3. Ng5 Qd5 4. d3 Nf6 5. Nc3 Qd6 6. Ncxe4 Nxe4 7. Nxe4 Qe5 8. Be2 Nc6 9. O-O e6 10. Rb1 Bd6 11.
Ng3 Nd4 12. Be3 Nxe2+ 13. Qxe2 f5 14. d4 Qf6 15. f4 O-O 16. c3 b6 17. Rf3 a5 18.
Nh5 Qf7 19. Rg3 g6 20. d5 e5 21. fxe5 Bxe5 22. Nf4 Ba6 23. Qd2 Bxf4 24. Bxf4 Bc4 25. b3 Bxd5 26. c4 Be4 27. Re1 Rad8 28. Qc3 Rfe8 29.
Be5 Re6 30. h4 Rde8 31. Bh8 h5 32. Qa1 Bc6 33. Rxe6 Rxe6 34. Kh2 f4 35. Rg5 Re2 36. Bd4 f3 37. Qb1 Qf4+ 38. Kg1 Rxg2+ 39. Rxg2 Qxd4+ 40. Rf2 Qg4+ 41. Kf1 Qh3+ 42. Kg1 Qg4+ 43. Kf1 Qh3+ 44. Kg1 Qg4+ 1/2-1/2

[Event "Rapid della Domenica"]
[Site "Chess.com"]
[Date "2020.04.26"]
[Round "3"]
[White "SanSecondoPR"]
[Black "bellapero"]
[Result "0-1"]
[WhiteElo "1237"]
[BlackElo "1412"]
[TimeControl "720+3"]
[EndTime "7:11:10 PDT"]
[Termination "bellapero ha vinto per abbandono"]

1. e4 c5 2. d4 cxd4 3. Nf3 Nc6 4. Nxd4 Nf6 5. Nc3 g6 6. Bg5 Bg7 7. Qd2 O-O 8. Bh6 Nxe4 9. Nxc6 Nxd2 10. Nxd8 Bxh6 11.
Nd5 Rxd8 12. Nxe7+ Kf8 13. Nd5 Ne4 14. f4 b6 15. Bc4 Bb7 16. Rd1 Rac8 17. Bb3 Nc5 18.
Bc4 Re8+ 19. Kf1 Re4 20. b3 Ne6 21. g3 Nd4 22. Kf2 Rce8 23. Nf6 Rc8 24. Nxe4 Bxe4 25.
Rhe1 Bf5 26. Rxd4 Bg7 27. Rd5 Be6 28. Rdd1 Bg4 29. Rb1 d5 30. Bd3 Bc3 31. Ba6 Bxe1+ 32. Rxe1 Rxc2+ 33. Be2 Rxa2 34. b4 a5 35. bxa5 bxa5 36.
Ke3 Rxe2+ 37. Rxe2 Bxe2 38. Kxe2 a4 39. Kd2 a3 40.
Kc1 d4 0-1

[Event "Rapid della Domenica"]
[Site "Chess.com"]
[Date "2020.04.26"]
[Round "3"]
[White "MarcoCiva"]
[Black "Lavolpeneldeserto"]
[Result "1-0"]
[WhiteElo "1492"]
[BlackElo "718"]
[TimeControl "720+3"]
[EndTime "7:12:10 PDT"]
[Termination "MarcoCiva ha vinto per tempo"]

1. d4 d5 2. c4 Nf6 3. Nc3 e6 4. Bg5 c6 5. e3 h6 6. Bh4 g5 7.
Bg3 Nh5 8. Be5 f6 9. Qxh5+ Ke7 10. Bg3 Bg7 11. cxd5 cxd5 12. Bd3 Nc6 13. Nb5 a6 14. Bd6+ Kd7 15. Qf7+ Ne7 16. Bxe7 Qxe7 17. Qxe7+ Kxe7 18. Nc3 Bd7 19. e4 f5 20. exd5 Bxd4 21. Nf3 Bb6 22.
O-O g4 23. Ne5 Rhd8 24. Rfe1 Rac8 25. Ng6+ Kd6 26. dxe6 Bxe6 27. Nf4 Re8 28. Rad1 Kc7 29. Nxe6+ Kb8 30. Bxf5 Rc4 31. Nd5 1-0

[Event "Rapid della Domenica"]
[Site "Chess.com"]
[Date "2020.04.26"]
[Round "3"]
[White "GB86_CHESS"]
[Black "Carbon"]
[Result "0-1"]
[WhiteElo "1611"]
[BlackElo "1810"]
[TimeControl "720+3"]
[EndTime "7:15:17 PDT"]
[Termination "Carbon ha vinto per abbandono"]

1. c4 e5 2. g3 Nc6 3. Bg2 f5 4. Nc3 Nf6 5. d3 g6 6. Nf3 Bg7 7. O-O O-O 8. a3 a5 9. Rb1 d6 10. b4 axb4 11. axb4 h6 12. b5 Ne7 13. e4 f4 14. Nd5 g5 15. Nxf6+ Bxf6 16. h3 Ng6 17. g4 Kg7 18. d4 Rh8 19. dxe5 Nxe5 20. Nxe5 Bxe5 21. Bb2 Qf6 22. Bxe5 Qxe5 23. Qd5 Re8 24. f3 Ra5 25. Rfc1 c6 26. Qxe5+ Rxe5 27. bxc6 bxc6 28. Rb8 Be6 29. Rd8 Rac5 30. Rxd6 Bxc4 31. Ra1 Re7 32. Rc1 Ree5 33. Rd7+ Kf6 34. Rh7 Kg6 35.
Rc7 Bb5 36. Rd1 Re6 37. Rd8 Kf6 38. Rf8+ Ke5 39. Rd7 Rc1+ 40. Kh2 Rf6 41. Rc8 Rd6 42. Re8+ Re6 43. Rf8 Rd6 44. Rf5+ Ke6 45. Rh7 Rd2 46. Rxh6+ Ke7 47. Re5+ Kd7 48. Rxg5 Kc7 49. Rg7+ Kb6 50. h4 Rcc2 51. g5 Rxg2+ 52. Kh3 Bf1 53. h5 Rg3+ 0-1

[Event "Rapid della Domenica"]
[Site "Chess.com"]
[Date "2020.04.26"]
[Round "4"]
[White "markk000"]
[Black "GB86_CHESS"]
[Result "0-1"]
[WhiteElo "1521"]
[BlackElo "1679"]
[TimeControl "720+3"]
[EndTime "7:19:33 PDT"]
[Termination "GB86_CHESS ha vinto per scaccomatto"]

1. d4 e6 2. c4 b6 3. Nc3 Bb7 4. Nf3 Nf6 5. Bg5 h6 6. Bh4 g5 7. Bg3 Bb4 8. e3 Ne4 9. Rc1 f5 10. Be5 Rg8 11. d5 d6 12. Bd4 e5 13. Bxe5 dxe5 14. Nxe5 Qd6 15. Nf3 Nd7 16. Bd3 O-O-O 17. Bxe4 fxe4 18. Nd4 Nc5 19. Nb5 Qf6 20. Nxa7+ Kb8 21.
Nb5 Nd3+ 22. Ke2 Qxf2# 0-1

[Event "Rapid della Domenica"]
[Site "Chess.com"]
[Date "2020.04.26"]
[Round "4"]
[White "ottovolante"]
[Black "SanSecondoPR"]
[Result "0-1"]
[WhiteElo "999"]
[BlackElo "1248"]
[TimeControl "720+3"]
[EndTime "7:26:25 PDT"]
[Termination "SanSecondoPR ha vinto per abbandono"]

1. e4 e5 2. Nc3 Nf6 3. Nf3 Nc6 4. Bb5 Bd6 5. Bxc6 dxc6 6. a3 O-O 7. d3 Bg4 8. Be3 b6 9. h3 Bd7 10. Bg5 h6 11.
Bxf6 Qxf6 12. Ne2 Qg6 13. Nh4 Qg5 14. g3 Bc5 15. Nf3 Qf6 16. Neg1 Rad8 17. Qe2 Qe6 18. c3 Be8 19. Qd2 f5 20. b4 fxe4 21. bxc5 exf3 22. g4 Bg6 23. Qb2 Rxd3 24. Rd1 e4 25. cxb6 axb6 26. Rd2 e3 27. Rxd3 Bxd3 28. Rh2 Qe5 29. Nxf3 exf2+ 30. Kxf2 Qxh2+ 31. Ke3 Qxb2 0-1